 Dungeon Crawl Stone Soup version 0.29-a0-356-g7bc237e783 (webtiles) character file.

Game seed: 4318704568416863012

24402 Shayle the Fighter (level 13, 0/126 HPs)
             Began as a Tengu Brigand on Apr 25, 2022.
             Was a Follower of Ashenzari.
             Slain by a seven-headed hydra (7 damage)
             ... on level 2 of the Lair of Beasts.
             The game lasted 01:16:25 (18331 turns).

Shayle the Fighter (Tengu Brigand)                 Turns: 18331, Time: 01:16:26

Health: 0/126      AC: 26    Str: 11    XL:     13   Next: 12%
Magic:  16/28      EV:  2    Int: 23    God:    Ashenzari [*.....]
Gold:   614        SH:  0    Dex: 16    Spells: 21/32 levels left

rFire   . . .      SeeInvis .   s - +3 spear (vorpal)
rCold   + . .      Faith    .   (no shield)
rNeg    . . .      Spirit   .   (body armour currently unavailable)
rPois   +          Reflect  .   (helmet currently unavailable)
rElec   .          Harm     .   (cloak currently unavailable)
rCorr   .          Rampage  .   (gloves currently unavailable)
Will    .....      NoTele   +   (boots unavailable)
Stlth   ++++......              r - amulet of Star-Bound Wisdom {Acrobat, Fort, Elem} (curse)
HPRegen 0.31/turn               P - ring "Astrological Disgust" {rC+, Alch, Self} (curse)
MPRegen 0.21/turn               i - +6 ring of intelligence

@: tree-form, freezing walls
A: stationary, stasis, torment immunity, boosted hp, (beak), (talons 3), nimble
flight
a: Renounce Religion, Curse Item, Shatter the Chains


You were on level 2 of the Lair of Beasts.
You worshipped Ashenzari.
Ashenzari was aware of your devotion.
You were a tree.
You visited 3 branches of the dungeon, and saw 16 of its levels.

You collected 794 gold pieces.
You spent 180 gold pieces at shops.

Inventory:

Hand Weapons
 a - a +2 vorpal dagger
 f - a +4 hand axe of distortion
 k - a +0 vorpal hand axe
 m - a +2 dagger of draining
 s - a +3 vorpal spear (weapon)
 v - a +5 dagger
 G - a +2 trident of protection
Missiles
 d - 38 poisoned darts (quivered)
Armour
 b - a +0 robe
 c - a +1 cloak (melded)
 n - a +0 ring mail
 y - a +0 kite shield
 C - a +0 pair of gloves (melded)
 F - the +2 ring mail of Gec Gicw (melded) {Slay+5}
   (You found it on level 7 of the Dungeon)

   Slay:      It affects your accuracy & damage with ranged weapons and melee
   (+5).
 I - +0 acid dragon scales
Jewellery
 i - a +6 ring of intelligence (right branch)
 l - a ring of willpower
 q - a ring of wizardry
 r - the cursed amulet of Star-Bound Wisdom (around neck) {Acrobat, Fort, Elem}
   (You found it on level 2 of the Dungeon)

   [amulet of the acrobat]

   It increases your evasion while moving and waiting.
   It has a curse which improves the following skills: Fortitude: Armour and
   Shields.
   Elements:  Fire Magic, Ice Magic, Air Magic and Earth Magic.
 E - the amulet "Muoreab" {Faith rC+ Int+5}
   (You took it off an orc wizard on level 7 of the Dungeon)

   [amulet of faith]

   It allows you to gain divine favour quickly.
   Int:       It affects your intelligence (+5).
   rC:        It protects you from cold.
 P - the cursed ring "Astrological Disgust" (left branch) {rC+, Alch, Self}
   (You found it on level 11 of the Dungeon)

   [ring of protection from cold]

   rC:        It protects you from cold.
   It has a curse which improves the following skills: Alchemy: Poison Magic and
   Transmutations.
   Introspection: Fighting and Spellcasting.
 S - a +6 ring of intelligence
Wands
 p - a wand of polymorph (18)
 A - a wand of iceblast (7)
 D - a wand of mindburst (4)
 R - a wand of flame (11)
Scrolls
 e - a scroll of magic mapping
 g - 10 scrolls of teleportation
 w - 4 scrolls of enchant weapon
 K - 2 scrolls of identify
 L - a scroll of fog
 M - 2 scrolls of amnesia
 N - a scroll of summoning
Potions
 h - 4 potions of attraction
 j - a potion of resistance
 o - 3 potions of flight
 t - 4 potions of curing
 u - 2 potions of haste
 x - 2 potions of brilliance
 z - 2 potions of mutation
 B - 3 potions of ambrosia
 H - 2 potions of lignification
 J - a potion of magic
 Q - a potion of berserk rage
 U - a potion of might


   Skills:
 + Level 10.4(11.2) Fighting
 - Level 9.2 Short Blades
 - Level 2.0 Throwing
 + Level 4.2(5.0) Armour
 - Level 10.3 Dodging
 - Level 8.0 Stealth
 + Level 9.3(10.2) Spellcasting
 + Level 5.1 Conjurations
 + Level 3.1(3.8) Transmutations
 + Level 3.5(4.3) Ice Magic
 + Level 5.2(6.1) Air Magic
 - Level 0.7(1.2) Poison Magic


You had 21 spell levels left.
You knew the following spells:

 Your Spells              Type           Power      Damage    Failure   Level
a - Frozen Ramparts       Ice            62%        1d8       2%          3
b - Airstrike             Air            19%        N/A       4%          4
c - Hailstorm             Conj/Ice       33%        3d8       8%          4

Your spell library contained the following spells:

 Spells                   Type           Power      Damage    Failure   Level
 Freeze                   Ice            100%       1d11      1%          1
 Shock                    Conj/Air       100%       1d9       1%          1
 Poisonous Vapours        Pois/Air       56%        N/A       1%          2
 Swiftness                Air            39%        N/A       1%          3
 Corpse Rot               Necr/Air       50%        N/A       2%          2
 Animate Skeleton         Necr           22%        N/A       5%          1
 Apportation              Tloc           22%        N/A       5%          1
 Summon Small Mammal      Summ           44%        N/A       5%          1
 Portal Projectile        Hex/Tloc       22%        N/A       17%         3
 Iskenderun's Battlesphe  Conj           35%        2d9       19%         5
 Blade Hands              Tmut           14%        N/A       30%         5
 Alistair's Intoxication  Tmut/Pois      15%        N/A       47%         5
 Excruciating Wounds      Necr           5%         N/A       83%         5
 Iron Shot                Conj/Erth      11%        9d3       96%         6
 Spellforged Servitor     Conj/Summ      11%        N/A       100%        7


Dungeon Overview and Level Annotations

Branches:
Dungeon (12/15)            Temple (1/1) D:7            Lair (3/6) D:9
  Swamp (0/4) Lair:2        Snake (0/4) Lair:2          Orc (0/2) D:10

Altars:
Ashenzari
Cheibriados
Dithmenos
Fedhas
Hepliaklqana
Makhleb
Okawaru
Sif Muna
Uskayaw
Vehumet
Wu Jian
Xom
Yredelemnul
The Shining One

Shops:
D:9 =?

Annotations:
D:3 1 runed translucent door, Crazy Yiuf
Lair:2 1 runed translucent door, Sukav's ghost, journeyman DsFi


Innate Abilities, Weirdness & Mutations

You are a tree.
Your roots penetrate the ground, keeping you stationary.
You cannot be teleported.
You are immune to unholy pain and torment.
Your maximum health is greatly increased.
Your equipment is partially melded.
((You have a beak for a mouth.))
((You have claws for feet.))
Your magical nature lets you fly swiftly and evasively.


Message History

The seven-headed hydra seems to slow down.
The seven-headed hydra bites you.
The seven-headed hydra bites you but does no damage.
The seven-headed hydra completely misses you.
The seven-headed hydra bites you! The seven-headed hydra bites you.
The seven-headed hydra closely misses you.
The seven-headed hydra bites you but does no damage.
Unknown command.
Casting: Airstrike (dangerous; 10% risk of failure)
Confirm with . or Enter, or press ? or * to list all spells.
Aiming: Airstrike (dangerous; 10% risk of failure)
Press: ? - help, Dir - move target, f/p - seven-headed hydra
Aim: a seven-headed hydra (heavily wounded, slow, empty space bonus: 3/8)
The air twists around and strikes the seven-headed hydra!
The seven-headed hydra is severely wounded.
The wall freezes the seven-headed hydra.
The seven-headed hydra bites you!
* * * LOW HITPOINT WARNING * * *
The seven-headed hydra barely misses you.
The seven-headed hydra closely misses you.
The seven-headed hydra bites you.
* * * LOW HITPOINT WARNING * * *
The seven-headed hydra closely misses you.
The seven-headed hydra bites you but does no damage.
The seven-headed hydra misses you.
Okay, then.
Really quaff the potion of lignification? [Y]es or [N]o only, please.
Really quaff the potion of lignification?
You turn into a tree.
Your +1 cloak melds into your body.
Your +0 pair of gloves melds into your body.
The +2 ring mail of Gec Gicw {Slay+5} melds into your body.
Your roots penetrate the ground.
The wall freezes the seven-headed hydra!
The seven-headed hydra seems to slow down.
The seven-headed hydra completely misses you.
The seven-headed hydra bites you.
* * * LOW HITPOINT WARNING * * *
The seven-headed hydra bites you!
You die...

####.##.......###....#######.....
..######..######......###........
...## ##..# #.....##..........
#...###...# #....##...§≈≈.....
#....#P..## ##.......≈♣§♣≈....
##..#....# ####......§§§§§....
#..#.....######.#..>....≈§≈§♣....
#..###...P##......#......♣≈≈.....
....#...........♣##...........###
....P.>....##..##D...............
###......P#######.......†.÷†.....
##.....## #########.#......
#.......# ###...... ##..###..###
#..†.... #P..##.....# #.......
#...##.#..P# ##†#....
##..####.÷P## #.#....


You could see a seven-headed hydra (slow).

Vanquished Creatures
  A hydra (Lair:2)
  A centaur warrior (D:11)
  3 two-headed ogres
  Amaemon (Lair:1)
  2 bog bodies (Lair:2)
  A deep elf pyromancer (D:11)
  3 cyclopes
  4 black mambas (Lair:2)
  5 cane toads
  A torpor snail (Lair:2)
  An orange demon (Lair:1)
  2 komodo dragons (Lair:1)
  2 yaktaurs (D:11)
  Maggie (D:8)
  3 trolls (D:11)
  A polar bear (Lair:2)
  A hornet (D:8)
  8 blink frogs
  A wraith (D:11)
  A shadow (D:10)
  A wyvern (Lair:2)
  14 yaks
  A fire bat (shapeshifter) (D:11)
  A steam dragon (D:10)
  A basilisk (Lair:1)
  3 vampire mosquitoes (D:8)
  Menkaure (D:7)
  3 acid dragons
  15 water moccasins
  Duvessa (D:5)
  2 sky beasts (D:7)
  3 orc warriors
  2 ice beasts
  An ogre (D:4)
  12 wolves
  5 phantoms
  12 centaurs
  2 gnoll sergeants
  5 bullfrogs
  A necrophage (D:7)
  A scorpion (D:5)
  8 wights
  Dowan (D:5)
  8 killer bees
  7 howler monkeys
  A jelly (D:6)
  5 orc priests
  2 gnoll shamans
  3 hounds
  An iron imp (D:9)
  Jessica (D:2)
  8 iguanas
  11 orc wizards
  6 ogre zombies (D:10)
  15 gnolls
  9 adders
  A shadow imp (D:6)
  2 ufetubi (D:7)
  2 worms
  2 dart slugs (D:1)
  27 orcs
  4 endoplasms
  2 giant cockroaches
  7 goblins
  5 hobgoblins
  7 jackals (D:1)
  2 quokkas (D:4)
  8 ball pythons
  7 bats
  2 frilled lizards (D:1)
  2 goblin zombies (D:10)
  2 hobgoblin zombies (D:10)
  5 kobolds
  3 orc skeletons (D:10)
  12 orc zombies (D:10)
  4 rats
322 creatures vanquished.

Vanquished Creatures (others)
  A killer bee (D:10)
  2 demonic plants (D:1)
  4 fungi
  16 plants
  A withered plant (D:1)
24 creatures vanquished.

Grand Total: 346 creatures vanquished

Notes
Turn   | Place    | Note
-------+----------+-------------------------------------------
     0 | D:1      | Shayle the Tengu Brigand began the quest for the Orb.
     0 | D:1      | Reached XP level 1. HP: 12/12 MP: 2/2
   295 | D:1      | Reached XP level 2. HP: 12/17 MP: 3/3
   470 | D:1      | Found a faded altar of an unknown god.
   767 | D:1      | Reached XP level 3. HP: 22/22 MP: 5/5
  1068 | D:1      | Reached skill level 1 in Spellcasting
  1325 | D:2      | Noticed Jessica
  1333 | D:2      | Killed Jessica
  1334 | D:2      | Reached XP level 4. HP: 27/27 MP: 5/7
  1874 | D:3      | Found a runed translucent door.
  1875 | D:3      | Noticed Crazy Yiuf
  1905 | D:3      | Found a radiant altar of Vehumet.
  2122 | D:3      | Gained mutation: Your magical nature lets you fly swiftly
                  | and evasively. [Tengu growth]
  2122 | D:3      | Reached XP level 5. HP: 29/32 MP: 8/8
  2370 | D:3      | Noticed a water moccasin
  2881 | D:4      | Noticed an ogre
  2901 | D:4      | Killed an ogre
  2902 | D:4      | Reached skill level 5 in Stealth
  2902 | D:4      | Reached XP level 6. HP: 37/37 MP: 8/10
  3229 | D:4      | Found a hide-covered altar of Uskayaw.
  3615 | D:4      | Reached XP level 7. HP: 42/42 MP: 12/12
  3727 | D:5      | Entered Level 5 of the Dungeon
  3727 | D:5      | Found an iron altar of Okawaru.
  3804 | D:5      | Found an ornate altar of the Wu Jian Council.
  3844 | D:5      | Found a basalt altar of Yredelemnul.
  3978 | D:5      | Noticed Duvessa
  3979 | D:5      | Noticed Dowan
  3992 | D:5      | Killed Duvessa
  4157 | D:5      | Killed Dowan
  4709 | D:5      | Found a broken altar of Ashenzari.
  4714 | D:5      | Became a worshipper of Ashenzari the Shackled
  4730 | D:5      | Reached XP level 8. HP: 48/48 MP: 14/14
  4867 | D:6      | Reached skill level 5 in Fighting
  4867 | D:6      | Reached skill level 5 in Dodging
  5119 | D:6      | Found a hazy altar of Hepliaklqana.
  5121 | D:6      | Found an ornate altar of the Wu Jian Council.
  5640 | D:7      | Found a glowing golden altar of the Shining One.
  5683 | D:7      | Found an iron altar of Okawaru.
  5830 | D:7      | Identified the amulet "Muoreab" {Faith rC+ Int+5}
  6643 | D:7      | Reached XP level 9. HP: 32/55 MP: 17/17
  6656 | D:7      | Reached skill level 5 in Spellcasting
  7153 | D:7      | Reached skill level 5 in Short Blades
  7418 | D:7      | Identified the +2 ring mail of Gec Gicw {Slay+5}
  7501 | D:7      | Noticed Menkaure
  7510 | D:7      | Found a blossoming altar of Fedhas.
  7513 | D:7      | Killed Menkaure
  7622 | D:7      | Found a staircase to the Ecumenical Temple.
  7631 | Temple   | Entered the Ecumenical Temple
  7722 | D:7      | Found a shimmering blue altar of Sif Muna.
  7725 | D:7      | Found a burning altar of Makhleb.
  7950 | D:8      | Reached XP level 10. HP: 54/63 MP: 20/20
  8125 | D:8      | Noticed a cyclops
  8143 | D:8      | Killed a cyclops
  8212 | D:8      | Found a shadowy altar of Dithmenos.
  8352 | D:8      | Noticed Maggie
  8401 | D:8      | Killed Maggie
  8999 | D:9      | Noticed a two-headed ogre
  9020 | D:9      | Found Vapefisk's Magic Scroll Boutique.
  9037 | D:9      | Killed a two-headed ogre
  9040 | D:9      | Bought a scroll of magic mapping for 42 gold pieces
  9040 | D:9      | Bought a scroll of fear for 42 gold pieces
  9040 | D:9      | Bought a scroll of teleportation for 36 gold pieces
  9040 | D:9      | Bought a scroll of teleportation for 36 gold pieces
  9040 | D:9      | Bought a scroll of identify for 24 gold pieces
  9223 | D:9      | Found Reixieta's Jewellery Shop.
  9259 | D:9      | Identified the +0 scale mail of Compassion {Str+2}
  9376 | D:9      | Found a snail-covered altar of Cheibriados.
  9620 | D:9      | Found a staircase to the Lair.
  9694 | D:10     | Entered Level 10 of the Dungeon
  9787 | D:10     | You are sucked into a shaft and drop 2 floors!
  9787 | D:12     | Noticed a cyan ugly thing
  9793 | D:12     | Noticed a gargoyle
  9793 | D:12     | Noticed a skeletal warrior
  9793 | D:12     | Noticed a skeletal warrior
  9793 | D:12     | Noticed a skeletal warrior
  9793 | D:12     | Noticed a deep elf pyromancer
  9793 | D:12     | Noticed a skeletal warrior
  9972 | D:11     | Noticed a cyclops
 10002 | D:11     | Killed a cyclops
 10107 | D:10     | Noticed a two-headed ogre
 10115 | D:10     | Killed a two-headed ogre
 10116 | D:10     | Reached XP level 11. HP: 69/69 MP: 23/23
 10173 | D:10     | Found a staircase to the Orcish Mines.
 10173 | D:10     | Noticed a cyclops
 10459 | D:10     | Killed a cyclops
 12222 | D:11     | Noticed a centaur warrior
 12232 | D:11     | Killed a centaur warrior
 12251 | D:11     | Noticed a purple ugly thing
 12615 | D:11     | Noticed a two-headed ogre
 12659 | D:11     | Killed a two-headed ogre
 12660 | D:11     | Reached skill level 10 in Dodging
 12762 | D:11     | Noticed a two-headed ogre
 12772 | D:11     | Noticed a tengu warrior
 12819 | D:11     | Killed a deep elf pyromancer
 13108 | D:11     | Reached XP level 12. HP: 74/76 MP: 25/25
 13273 | D:11     | Noticed a catoblepas
 13305 | D:10     | Upgraded the game from 0.29-a0-352-g0917bc69df to
                  | 0.29-a0-356-g7bc237e783
 13526 | D:10     | Learned a level 3 spell: Frozen Ramparts
 13709 | Lair:1   | Entered Level 1 of the Lair of Beasts
 13724 | Lair:1   | Learned a level 4 spell: Airstrike
 13873 | Lair:1   | Reached * piety under Ashenzari
 13969 | Lair:1   | Learned a level 4 spell: Hailstorm
 13993 | Lair:1   | Reached skill level 1 in Air Magic
 14062 | Lair:1   | Reached skill level 1 in Conjurations
 14487 | Lair:1   | Noticed Amaemon
 14574 | Lair:1   | Reached skill level 1 in Ice Magic
 14609 | Lair:1   | Reached skill level 1 in Armour
 14703 | Lair:1   | Reached skill level 1 in Transmutations
 15451 | Lair:1   | Killed Amaemon
 15689 | Lair:2   | Found a runed translucent door.
 15690 | Lair:2   | Found a shimmering altar of Xom.
 15690 | Lair:2   | Noticed Sukav's ghost (journeyman DsFi)
 15766 | Lair:2   | Reached skill level 10 in Fighting
 15847 | Lair:2   | Noticed a five-headed hydra
 15861 | Lair:2   | Killed a five-headed hydra
 16815 | Lair:2   | Found a staircase to the Snake Pit.
 16958 | Lair:2   | Found a staircase to the Swamp.
 17442 | Lair:2   | Noticed a seven-headed hydra
 17686 | Lair:2   | Reached XP level 13. HP: 84/84 MP: 8/28
 18004 | Lair:2   | Reached skill level 5 in Air Magic
 18126 | Lair:2   | Reached skill level 5 in Conjurations
 18331 | Lair:2   | Slain by a seven-headed hydra

Illustrated notes

Levels and vault maps discovered:
D:1:      evilmike_arrival_crescent, layout_basic, shapermc_ecumenical_altar_gd,
          minmay_tripent
D:2:      layout_rooms, uniq_jessica
D:3:      layout_basic, fiery_altar_vehumet, minmay_misc_feat_rugged,
          uniq_crazy_yiuf_cottage
D:4:      layout_loops_ring, mainiacjoe_overflow_paths
D:5:      layout_gridville, kennysheep_little_box,
          mainiacjoe_overflow_six_doors_small, minmay_misc_feat_columns,
          hangedman_feature_mirror, uniq_duvessa
D:6:      layout_rooms, jmf_multi_god_temple
D:7:      layout_loops_corners, lemuel_round_altar,
          mainiacjoe_overflow_chevrons, nicolae_overflow_hidden_temple,
          tso_metal_star, minmay_temple_entry_poolview, uniq_menkaure
D:8:      layout_rooms, mainiacjoe_overflow_surrounded_room, uniq_maggie
D:9:      layout_gridville, slow_altar_2, lair_entry_dummy, serial_shops,
          nicolae_shop_behind_doors, nicolae_shop_hallway_plus,
          grunt_ministairs_2
D:10:     layout_small_grid, zombieorc1_lemuel, chequers_serial_rivers_micro_e
D:11:     minmay_tile_spiral, layout_basic
D:12:     layout_cross
Temple:   jpeg_temple_island
Lair:1:   layout_chaotic_city, uniq_amaemon
Lair:2:   layout_chaotic_city, skrybe_swamp_entry_bodies,
          minmay_snake_entry_six_corridors, ebering_ghost_xom, serial_rivers,
          chequers_serial_rivers_micro_e, chequers_serial_rivers_micro_a,
          chequers_serial_rivers_micro_d, chequers_serial_rivers_micro_a,
          nicolae_lair_lil_pond
Lair:3:   layout_small_grid, grunt_megastairs_2, uniq_snorg

Skill      XL: |  1  2  3  4  5  6  7  8  9 10 11 12 13 |
---------------+----------------------------------------+-----
Spellcasting   | 1 2 3 4 6 7 8 9 |  9.3
Dodging        | 2 3 4 6 7 9 10 | 10.3
Fighting       | 3 4 5 7 8 9 10 | 10.4
Stealth        | 5 6 7 8 |  8.0
Short Blades   | 4 6 8 9 |  9.2
Air Magic      | 4 5 |  5.2
Conjurations   | 4 5 |  5.1
Ice Magic      | 3 |  3.5
Armour         | 3 4 |  4.2
Transmutations | 2 3 |  3.1
Throwing       | |  2.0
Poison Magic   | |  0.7

Action                   |  1- 3 |  4- 6 |  7- 9 | 10-12 | 13-15 || total
-------------------------+-------+-------+-------+-------+-------++-------
Melee: Dagger            |    61 |   134 |   352 |   327 |       ||   874
       Kick              |    13 |    28 |   105 |   175 |     9 ||   330
       Peck              |     8 |    28 |    67 |    96 |     4 ||   203
       Punch             |       |       |     6 |     3 |       ||     9
       Spear             |       |       |       |   112 |    17 ||   129
Throw: Dart              |       |     6 |       |    88 |       ||    94
 Cast: Airstrike         |       |       |       |    62 |     8 ||    70
       Frozen Ramparts   |       |       |       |    27 |     4 ||    31
Invok: Curse Item        |       |       |       |     2 |       ||     2
Evoke: Wand              |       |       |     2 |    25 |       ||    27
  Use: Scroll            |       |     2 |    16 |     7 |     1 ||    26
       Potion            |       |       |     3 |     4 |     4 ||    11
 Stab: Sleeping          |     3 |    12 |    10 |     9 |       ||    34
       Distracted        |     1 |       |       |       |       ||     1
Armor: Robe              |    11 |     8 |       |       |       ||    19
       Ring mail         |       |    14 |    60 |    98 |    15 ||   187
Dodge: Dodged            |    32 |    72 |   205 |   410 |    71 ||   790

Table legend: (Time is in decaauts)
 A = Elapsed time spent in this place.
 B = Non-inter-level travel time spent in this place.
 C = Inter-level travel time spent in this place.
 D = Time resting spent in this place.
 E = Time spent auto-exploring this place.
 F = Levels seen in this place.
 G = Mean time per level.
                   A        B        C        D        E       F      G
               +--------+--------+--------+--------+--------+-----+--------+
         Total |  17393 |  16855 |    538 |   5371 |   7222 |  16 | 1087.1 |
       Dungeon |  12881 |  12404 |    477 |   3059 |   6056 |  12 | 1073.4 |
        Temple |      1 |      1 |      0 |      0 |      0 |   1 |    1.0 |
          Lair |   4510 |   4449 |     61 |   2311 |   1166 |   3 | 1503.3 |
               +--------+--------+--------+--------+--------+-----+--------+

Top non-repeatable levels by time:
  Lair:2: 2712 daAuts
    D:10: 2146 daAuts
  Lair:1: 1789 daAuts
     D:7: 1789 daAuts
    D:11: 1426 daAuts
     D:1: 1232 daAuts
     D:5: 1141 daAuts
     D:3: 995 daAuts
     D:9: 940 daAuts
     D:8: 923 daAuts
     D:6: 912 daAuts
     D:4: 772 daAuts
     D:2: 576 daAuts
    D:12: 23 daAuts
  Lair:3: 8 daAuts
